 Dungeon Crawl Stone Soup version 0.26-a0-611-g354ed81502 (webtiles) character file.

Game seed: 5495029114693664474

48 Descartes the Sneak (level 3, -6/17 HPs)
             Began as a Felid Delver on Sept 5, 2020.
             Mangled by a worm (10 damage)
             ... on level 3 of the Dungeon.
             The game lasted 00:02:41 (251 turns).

Descartes the Sneak (Felid Delver)                   Turns: 251, Time: 00:02:41

Health: -6/17      AC:  1    Str:  9    XL:     3   Next: 50%
Magic:  4/4        EV: 19    Int: 11    God:
Gold:   30         SH:  0    Dex: 17    Spells: 2/2 levels left
                                        Lives:  0   Deaths: 0

rFire    . . .     SeeInvis +     - Unarmed
rCold    . . .     Faith    .   (shield unavailable)
rNeg     . . .     Spirit   .   (armour unavailable)
rPois    .         Reflect  .   (helmet unavailable)
rElec    .         Harm     .   (cloak unavailable)
rCorr    .                      (gloves unavailable)
MR       .....                  (boots unavailable)
Stlth    ++++......             (no amulet)
HPRegen  0.05/turn              (no ring)
MPRegen  0.09/turn              (no ring)

@: quick
A: very small, no armour, no weapons or thrown items, stealth, claws 1, fangs 3,
see invisible, speed 1, shaggy fur 1, sharp paws
a: no special abilities


You were on level 3 of the Dungeon.
You visited 1 branch of the dungeon, and saw 3 of its levels.

You collected 30 gold pieces.

Inventory:

Wands
 e - a wand of digging (3)
Scrolls
 a - a scroll of fog
 c - a scroll of fear
Potions
 d - a potion of haste
 f - a potion of heal wounds {unknown}


   Skills:
 - Level 3.0 Fighting
 + Level 3.4 Dodging
 * Level 7.1 Stealth
 + Level 2.6 Unarmed Combat
 - Level 1.3 Evocations


You had 2 spell levels left.
You didn't know any spells.
Your spell library contained the following spells:

 Spells                   Type           Power        Failure   Level
 Confusing Touch          Hex            #.......     71%         3
 Gell's Gravitas          Tloc           #.........   71%         3
 Petrify                  Tmut/Erth      #.......     98%         4
 Metabolic Englaciation   Hex/Ice        #.........   100%        5
 Yara's Violent Unravell  Hex/Tmut       #.........   100%        5


Dungeon Overview and Level Annotations

Branches:
Dungeon (5/15)
 Temple: D:4-7

Altars:

Portals:
Sewer: D:3


Innate Abilities, Weirdness & Mutations

You cannot wear armour.
You are incapable of wielding weapons or throwing items.
Your paws allow you to move quietly. (Stealth)
You have sharp claws.
You have razor-sharp teeth.
You have supernaturally acute eyesight. (SInv)
You cover ground quickly.
You are covered in fur. (AC +1)
Your sharp claws are effective at attacking unaware monsters.


Message History

The worm is severely wounded.
The worm bites you!
Ouch! That really hurt!
* * * LOW HITPOINT WARNING * * *
You scratch the worm.
The worm is almost dead.
You hear the slow rusting of a drain.
You scratch the worm but do no damage.
The worm is almost dead.
The worm completely misses you.
You scratch the worm but do no damage.
The worm is almost dead.
The worm barely misses you.
You scratch the worm.
The worm is almost dead.
You scratch the worm.
The worm is almost dead.
The worm bites you!
Ouch! That really hurt!
You die...

****,,*,**,*,,*,*
*.......,,,,,,*,*
*.......,,,**,,,,
*...≈≈≈.,,,**,*,,
*..≈≈≈≈≈,,,**,,,,
##..≈≈∩≈≈..,**,,**
#..w≈≈≈≈≈..,,,,,**
#.w..≈≈≈...***,,,*
#@.........**,,,,,
#.........,,,,,**,
#.##...###.,,,****
#.)........*,,,**,
###.#.....***,,,,,
#.#*,##.****,,,*
#.#*.#*,,,,,,,**
#.##.##..,,,,,**
#........****,,,


You could see a worm and a dart slug.

Vanquished Creatures
  A worker ant (D:4)
  An adder (D:4)
  5 orcs
  A bat (D:3)
  A hobgoblin (D:3)
  A frilled lizard (D:4)
10 creatures vanquished.

Notes
Turn   | Place    | Note
-------+----------+-------------------------------------------
     0 | D:5      | Descartes the Felid Delver began the quest for the Orb.
     0 | D:5      | Reached XP level 1. HP: 10/10 MP: 2/2
    36 | D:4      | Reached XP level 2. HP: 14/14 MP: 3/3
    87 | D:4      | Reached skill level 7 in Stealth
    87 | D:4      | Reached skill level 1 in Evocations
    87 | D:4      | Reached XP level 3. HP: 17/17 MP: 4/4
   234 | D:3      | Found a glowing drain.
   251 | D:3      | Mangled by a worm

Illustrated notes

Levels and vault maps discovered:
D:3:      layout_loops_ring, vehumet_crystals, portal_sewer_entry_a,
          nicolae_dithmenos_shadow_blocks
D:4:      cheibrodos_barr_body, layout_loops_ring, uniq_robin
D:5:      layout_basic, minmay_temple_entry_glassed_door, basic_altar

Skill      XL: |  1  2 |
---------------+-------+-----
Dodging        | 3 |  3.4
Stealth        | 7 |  7.1
Evocations     | 1 |  1.3
Fighting       | |  3.0
Unarmed Combat | |  2.6

Action                   || total
-------------------------++-------
Melee: Unarmed           ||    25
       Bite              ||     2
  Use: Scroll            ||     1
 Stab: Sleeping          ||     5
       Distracted        ||     1
Dodge: Dodged            ||     9

Table legend: (Time is in decaauts)
 A = Elapsed time spent in this place.
 B = Non-inter-level travel time spent in this place.
 C = Inter-level travel time spent in this place.
 D = Time resting spent in this place.
 E = Time spent auto-exploring this place.
 F = Levels seen in this place.
 G = Mean time per level.
                   A        B        C        D        E       F      G
               +--------+--------+--------+--------+--------+-----+--------+
         Total |    208 |    208 |      0 |      0 |      0 |   3 |   69.3 |
       Dungeon |    208 |    208 |      0 |      0 |      0 |   3 |   69.3 |
               +--------+--------+--------+--------+--------+-----+--------+

Top non-repeatable levels by time:
     D:4: 147 daAuts
     D:3: 53 daAuts
     D:5: 6 daAuts
